| TOP OF THE 1ST |
|
Houston Astros batting - Pitching for New York Yankees : RHP Bryce Cleavinger
|
|
Pitching: RHP Bryce Cleavinger
|
|
|
Batting: LHB Josh Corkery
|
0-0: SINGLE (Groundball, 56D, EV 95.0 MPH)
|
|
Batting: LHB Mark Dearth
|
0-0: Foul Ball, location: 2F 0-1: Ball 1-1: Ball 2-1: Called Strike 2-2: Strikes out swinging Josh Corkery steals 2nd, throwing error, E2 Josh Corkery to third
|
|
Batting: LHB Jack Christie
|
0-0: Foul Ball, location: 2F 0-1: Ball 1-1: Called Strike 1-2: Foul Ball, location: 2F 1-2: Foul Ball, location: 2F 1-2: Ball 2-2: Ball 3-2: Fly out, F8 (Flyball, 8RS, EV 90.0 MPH)
|
|
Batting: LHB Bob Govella
|
0-0: Ball 1-0: Foul Ball, location: 2F 1-1: Foul Ball, location: 2F 1-2: Fly out, F8 (Flyball, 8LXD, EV 93.1 MPH)
|
| Top of the 1st over - 0 runs, 1 hit, 1 error, 1 left on base; Houston 0 - New York 0 |
| BOTTOM OF THE 1ST |
|
New York Yankees batting - Pitching for Houston Astros : RHP Moises Hernandez Jr.
|
|
Pitching: RHP Moises Hernandez Jr.
|
|
|
Batting: RHB Russ Shambaugh
|
0-0: Ball 1-0: Ball 2-0: Foul Ball, location: 2F 2-1: Foul Ball, location: 2F 2-2: Ground out 4-3 (Groundball, 4M, EV 105.0 MPH)
|
|
Batting: RHB Jeckel Hester
|
0-0: SINGLE (Line Drive, 8RS, EV 106.9 MPH)
|
|
Batting: SHB Bartholomeu Chambino
|
0-0: Called Strike 0-1: Foul Ball, location: 2F 0-2: Ball 1-2: Ball 2-2: Ball 3-2: Strikes out swinging Jeckel Hester steals 2nd base (no throw) Batter strikes out.
|
|
Batting: SHB Gus Berry
|
0-0: Ball 1-0: Foul Ball, location: 2F 1-1: Ball 2-1: Called Strike 2-2: Ground out 5-3 (Groundball, 56S, EV 81.9 MPH)
|
| Bottom of the 1st over - 0 runs, 1 hit, 0 errors, 1 left on base; Houston 0 - New York 0 |
| TOP OF THE 2ND |
|
Houston Astros batting - Pitching for New York Yankees : RHP Bryce Cleavinger
|
|
Batting: RHB Hiroshige Yamada
|
0-0: DOUBLE (Line Drive, 7LS, EV 111.2 MPH)
|
|
Batting: SHB Joe Gardner
|
0-0: Ball 1-0: Ball 2-0: Called Strike 2-1: Swinging Strike 2-2: Foul Ball, location: 2F 2-2: Strikes out swinging
|
|
Batting: RHB Jeremy Trump
|
0-0: Swinging Strike 0-1: Ground out 6-3 (Groundball, 6, EV 103.8 MPH)
|
|
Batting: LHB Bryce Hill
|
0-0: Called Strike 0-1: Ball 1-1: Swinging Strike 1-2: Strikes out looking
|
| Top of the 2nd over - 0 runs, 1 hit, 0 errors, 1 left on base; Houston 0 - New York 0 |
| BOTTOM OF THE 2ND |
|
New York Yankees batting - Pitching for Houston Astros : RHP Moises Hernandez Jr.
|
|
Batting: RHB Adriaan Pieters
|
0-0: Called Strike 0-1: Fly out, F9 (Flyball, 9LSF, EV 73.8 MPH)
|
|
Batting: SHB Mukhtar Wa'il
|
0-0: Ball 1-0: Ball 2-0: Ball 3-0: Called Strike 3-1: Ground out 4-3 (Groundball, 4, EV 85.6 MPH)
|
|
Batting: RHB Larry Martell
|
0-0: Called Strike 0-1: Foul Ball, location: 2F 0-2: Ball 1-2: Ball 2-2: Fly out, F9 (Flyball, 89D, EV 91.9 MPH)
|
| Bottom of the 2nd over - 0 runs, 0 hits, 0 errors, 0 left on base; Houston 0 - New York 0 |
| TOP OF THE 3RD |
|
Houston Astros batting - Pitching for New York Yankees : RHP Bryce Cleavinger
|
|
Batting: RHB Eric Chotkowski
|
0-0: Ball 1-0: Ball 2-0: Called Strike 2-1: Foul Ball, location: 2F 2-2: Strikes out looking
|
|
Batting: LHB Josh Corkery
|
0-0: Swinging Strike 0-1: Foul Ball, location: 2F 0-2: Foul Ball, location: 2F 0-2: Ball 1-2: Strikes out swinging
|
|
Batting: LHB Mark Dearth
|
0-0: Called Strike 0-1: Ball 1-1: Ground out U3 (Groundball, 3L, EV 83.1 MPH)
|
| Top of the 3rd over - 0 runs, 0 hits, 0 errors, 0 left on base; Houston 0 - New York 0 |
| BOTTOM OF THE 3RD |
|
New York Yankees batting - Pitching for Houston Astros : RHP Moises Hernandez Jr.
|
|
Batting: RHB Geni Prawiranega
|
0-0: Swinging Strike 0-1: Ball 1-1: Foul Ball, location: 2F 1-2: Foul Ball, location: 2F 1-2: Strikes out swinging
|
|
Batting: LHB Dan Morris
|
0-0: Called Strike 0-1: Ball 1-1: Ground out 6-3 (Groundball, 6M, EV 88.8 MPH)
|
|
Batting: RHB Russ Shambaugh
|
0-0: Ball 1-0: Called Strike 1-1: Swinging Strike 1-2: Ball 2-2: Ball 3-2: Base on Balls
|
|
Batting: RHB Jeckel Hester
|
0-0: Swinging Strike 0-1: Called Strike 0-2: Ball 1-2: SINGLE (Line Drive, 5D, EV 98.8 MPH) Russ Shambaugh to second Russ Shambaugh to third
|
|
Batting: SHB Bartholomeu Chambino
|
0-0: Ball 1-0: Ball 2-0: Ball 3-0: Called Strike 3-1: Swinging Strike 3-2: Strikes out swinging
|
| Bottom of the 3rd over - 0 runs, 1 hit, 0 errors, 2 left on base; Houston 0 - New York 0 |
| TOP OF THE 4TH |
|
Houston Astros batting - Pitching for New York Yankees : RHP Bryce Cleavinger
|
|
Batting: LHB Jack Christie
|
0-0: Called Strike 0-1: Fly out, F8 (Line Drive, 8LM, EV 88.1 MPH)
|
|
Batting: LHB Bob Govella
|
0-0: Ball 1-0: Ball 2-0: Called Strike 2-1: Foul Ball, location: 2F 2-2: Foul Ball, location: 2F 2-2: Strikes out swinging
|
|
Batting: RHB Hiroshige Yamada
|
0-0: Ball 1-0: Ground out 5-3 (Groundball, 56, EV 101.9 MPH)
|
| Top of the 4th over - 0 runs, 0 hits, 0 errors, 0 left on base; Houston 0 - New York 0 |
| BOTTOM OF THE 4TH |
|
New York Yankees batting - Pitching for Houston Astros : RHP Moises Hernandez Jr.
|
|
Batting: SHB Gus Berry
|
0-0: Called Strike 0-1: Ball 1-1: DOUBLE (Line Drive, 78M, EV 106.2 MPH)
|
|
Batting: RHB Adriaan Pieters
|
0-0: Fly out, F8 (Flyball, 8LM, EV 85.6 MPH)
|
|
Batting: SHB Mukhtar Wa'il
|
0-0: Called Strike 0-1: Ball 1-1: Called Strike 1-2: Ball 2-2: Strikes out swinging
|
|
Batting: RHB Larry Martell
|
0-0: Called Strike 0-1: Foul Ball, location: 2F 0-2: Strikes out swinging
|
| Bottom of the 4th over - 0 runs, 1 hit, 0 errors, 1 left on base; Houston 0 - New York 0 |
| TOP OF THE 5TH |
|
Houston Astros batting - Pitching for New York Yankees : RHP Bryce Cleavinger
|
|
Batting: SHB Joe Gardner
|
0-0: Called Strike 0-1: Fly out, F7 (Flyball, 78M, EV 75.6 MPH)
|
|
Batting: RHB Jeremy Trump
|
0-0: Ball 1-0: Ball 2-0: Ball 3-0: Base on Balls
|
|
Batting: LHB Bryce Hill
|
0-0: Ball 1-0: Ball 2-0: Grounds into double play, 4-6-3 (Groundball, 4, EV 84.4 MPH)
|
| Top of the 5th over - 0 runs, 0 hits, 0 errors, 0 left on base; Houston 0 - New York 0 |
| BOTTOM OF THE 5TH |
|
New York Yankees batting - Pitching for Houston Astros : RHP Moises Hernandez Jr.
|
|
Batting: RHB Geni Prawiranega
|
0-0: Ball 1-0: Ball 2-0: Called Strike 2-1: Ball 3-1: Foul Ball, location: 2F 3-2: Foul Ball, location: 2F 3-2: Strikes out swinging
|
|
Batting: LHB Dan Morris
|
0-0: Ball 1-0: Ball 2-0: SINGLE (Line Drive, 34D, EV 99.4 MPH)
|
|
Batting: RHB Russ Shambaugh
|
0-0: SINGLE (Groundball, 56D, EV 102.5 MPH) Dan Morris to second
|
|
Batting: RHB Jeckel Hester
|
0-0: Called Strike 0-1: Fielders Choice at 2nd, 1-4 (Groundball, 15S, EV 66.2 MPH) Dan Morris to third
|
|
Now at 2B: Kyle Davis
|
|
|
Batting: SHB Bartholomeu Chambino
|
0-0: Ball Wild Pitch! Dan Morris scores Jeckel Hester to second 1-0: Ball 2-0: Ball 3-0: Called Strike 3-1: Foul Ball, location: 2F 3-2: Base on Balls
|
|
Batting: SHB Gus Berry
|
0-0: Ball 1-0: Ball 2-0: DOUBLE (Flyball, 8RXD, EV 102.5 MPH) Jeckel Hester scores Bartholomeu Chambino to third Runner from 3rd tries for Home, SAFE, throw by CF to trailing runner, SAFE at third!
|
|
Batting: RHB Adriaan Pieters
|
0-0: Called Strike 0-1: Foul Ball, location: 2F 0-2: Foul Ball, location: 2F 0-2: Ball 1-2: Ball 2-2: Fly out, F7 (Flyball, 7D, EV 90.6 MPH)
|
| Bottom of the 5th over - 3 runs, 3 hits, 0 errors, 1 left on base; Houston 0 - New York 3 |
| TOP OF THE 6TH |
|
Houston Astros batting - Pitching for New York Yankees : RHP Bryce Cleavinger
|
|
Batting: RHB Eric Chotkowski
|
0-0: Called Strike 0-1: Ground out 4-3 (Groundball, 4M, EV 85.6 MPH)
|
|
Batting: LHB Josh Corkery
|
0-0: Ball 1-0: Fly out, F7 (Flyball, 7D, EV 109.4 MPH)
|
|
Batting: LHB Mark Dearth
|
0-0: Ball 1-0: Fly out, F7 (Line Drive, 78M, EV 98.8 MPH)
|
| Top of the 6th over - 0 runs, 0 hits, 0 errors, 0 left on base; Houston 0 - New York 3 |
| BOTTOM OF THE 6TH |
|
New York Yankees batting - Pitching for Houston Astros : RHP Moises Hernandez Jr.
|
|
Batting: SHB Mukhtar Wa'il
|
0-0: Ball 1-0: Foul Ball, location: 2F 1-1: Swinging Strike 1-2: Ball 2-2: Strikes out swinging
|
|
Batting: RHB Larry Martell
|
0-0: Called Strike 0-1: Foul Ball, location: 2F 0-2: Ball 1-2: Ball 2-2: Foul Ball, location: 2F 2-2: Foul Ball, location: 2F 2-2: Foul Ball, location: 2F 2-2: Ball 3-2: Ground out 6-3 (Groundball, 6, EV 110.6 MPH)
|
|
Batting: RHB Geni Prawiranega
|
0-0: Foul Ball, location: 2F 0-1: Called Strike 0-2: Ball 1-2: Foul Ball, location: 2F 1-2: Ball 2-2: Strikes out looking
|
| Bottom of the 6th over - 0 runs, 0 hits, 0 errors, 0 left on base; Houston 0 - New York 3 |
| TOP OF THE 7TH |
|
Houston Astros batting - Pitching for New York Yankees : RHP Bryce Cleavinger
|
|
Batting: LHB Jack Christie
|
0-0: Ball 1-0: Swinging Strike 1-1: SOLO HOME RUN (Flyball, 89XD, EV 113.1 MPH), Distance : 467 ft
|
|
Batting: LHB Bob Govella
|
0-0: Foul Ball, location: 2F 0-1: Called Strike 0-2: Ball 1-2: Strikes out looking
|
|
Batting: RHB Hiroshige Yamada
|
0-0: Hit by Pitch
|
|
Pinch Runner at 1st Eric Katz:
|
|
|
Batting: SHB Joe Gardner
|
0-0: Ball 1-0: Ball Eric Katz steals 2nd, throwing error, E2 Eric Katz to third 2-0: Called Strike 2-1: Ball 3-1: Foul Ball, location: 2F 3-2: Base on Balls
|
|
Batting: RHB Kyle Davis
|
0-0: Ball 1-0: Called Strike 1-1: Ball 2-1: Grounds into double play, 6-4-3 (Groundball, 6, EV 85.0 MPH)
|
| Top of the 7th over - 1 run, 1 hit, 1 error, 1 left on base; Houston 1 - New York 3 |
| BOTTOM OF THE 7TH |
|
New York Yankees batting - Pitching for Houston Astros : RHP Moises Hernandez Jr.
|
|
Pitching: RHP Aaron Shapiro
|
|
|
Now at C: Eric Katz
|
|
|
Batting: LHB Dan Morris
|
0-0: Called Strike 0-1: Ball 1-1: Foul Ball, location: 2F 1-2: Strikes out swinging
|
|
Batting: RHB Russ Shambaugh
|
0-0: Called Strike 0-1: Fly out, F4 (Popup, 13S, EV 84.4 MPH)
|
|
Batting: RHB Jeckel Hester
|
0-0: Foul Ball, location: 2F 0-1: Fly out, F7 (Flyball, 78XD, EV 98.1 MPH)
|
| Bottom of the 7th over - 0 runs, 0 hits, 0 errors, 0 left on base; Houston 1 - New York 3 |
| TOP OF THE 8TH |
|
Houston Astros batting - Pitching for New York Yankees : RHP Bryce Cleavinger
|
|
Batting: LHB Bryce Hill
|
0-0: Called Strike 0-1: Swinging Strike 0-2: Foul Ball, location: 2F 0-2: Strikes out swinging
|
|
Batting: RHB Eric Chotkowski
|
0-0: Swinging Strike 0-1: Foul Ball, location: 2F 0-2: Fly out, F9 (Line Drive, 9S, EV 95.0 MPH)
|
|
Batting: LHB Josh Corkery
|
0-0: Foul Ball, location: 2F 0-1: Ball 1-1: Ball 2-1: Swinging Strike 2-2: Foul Ball, location: 2F 2-2: Foul Ball, location: 2F 2-2: Ball 3-2: SINGLE (Groundball, 25, EV 66.2 MPH) (infield hit)
|
|
Pitching: LHP Julio Gonzalez
|
|
|
Batting: LHB Mark Dearth
|
0-0: Foul Ball, location: 2F 0-1: Ball 1-1: Called Strike 1-2: Ball 2-2: Foul Ball, location: 2F 2-2: Strikes out swinging, 2-3 out at first.
|
| Top of the 8th over - 0 runs, 1 hit, 0 errors, 1 left on base; Houston 1 - New York 3 |
| BOTTOM OF THE 8TH |
|
New York Yankees batting - Pitching for Houston Astros : RHP Aaron Shapiro
|
|
Batting: SHB Bartholomeu Chambino
|
0-0: Called Strike 0-1: Ball 1-1: Foul Ball, location: 2F 1-2: SOLO HOME RUN (Flyball, 9LD, EV 91.2 MPH), Distance : 341 ft
|
|
Batting: SHB Gus Berry
|
0-0: Called Strike 0-1: Foul Ball, location: 2F 0-2: Ball 1-2: Foul Ball, location: 2F 1-2: Ball 2-2: Ground out U3 (Groundball, 3, EV 88.8 MPH)
|
|
Batting: RHB Adriaan Pieters
|
0-0: Ball 1-0: Called Strike 1-1: Ball 2-1: Foul Ball, location: 2F 2-2: Fly out, F3 (Popup, 34, EV 80.6 MPH)
|
|
Batting: SHB Mukhtar Wa'il
|
0-0: Ball 1-0: Ball 2-0: Ball 3-0: Called Strike 3-1: Swinging Strike 3-2: Foul Ball, location: 2F 3-2: Strikes out swinging
|
| Bottom of the 8th over - 1 run, 1 hit, 0 errors, 0 left on base; Houston 1 - New York 4 |
| TOP OF THE 9TH |
|
Houston Astros batting - Pitching for New York Yankees : LHP Julio Gonzalez
|
|
Pitching: LHP Joel Pacheco
|
|
|
Batting: LHB Jack Christie
|
0-0: Ball 1-0: Ball 2-0: Fly out, F8 (Line Drive, 8RM, EV 90.6 MPH)
|
|
Batting: LHB Bob Govella
|
0-0: Ball 1-0: Ball 2-0: Swinging Strike 2-1: Foul Ball, location: 2F 2-2: Strikes out swinging
|
|
Batting: LHB Eric Katz
|
0-0: Ball 1-0: Called Strike 1-1: Called Strike 1-2: Foul Ball, location: 2F 1-2: Foul Ball, location: 2F 1-2: Fly out, F8 (Line Drive, 78M, EV 86.2 MPH)
|
| Top of the 9th over - 0 runs, 0 hits, 0 errors, 0 left on base; Houston 1 - New York 4 |
|